 Dungeon Crawl Stone Soup version 0.29-a0-330-g52719c12eb (webtiles) character file.

Game seed: 17317238314593669740

1121 sanka the Insei (level 8, -1/67 HPs)
             Began as a Gnoll Monk on Apr 14, 2022.
             Succumbed to a killer bee's poison
             ... on level 6 of the Dungeon.
             The game lasted 00:16:07 (8295 turns).

sanka the Insei (Gnoll Monk)                        Turns: 8295, Time: 00:16:08

Health: -1/67      AC:  4    Str: 13    XL:     8   Next: 34%
Magic:  21/21      EV: 15    Int: 15    God:
Gold:   252        SH:  0    Dex: 14    Spells: 13/13 levels left

rFire   . . .      SeeInvis +   q - +0 dagger (venom)
rCold   . . .      Faith    .   (no shield)
rNeg    . . .      Spirit   .   a - +0 robe
rPois   .          Reflect  .   z - +1 helmet {Int+3}
rElec   .          Harm     .   (no cloak)
rCorr   .          Rampage  .   (no gloves)
Will    .....                   (no boots)
Stlth   +++.......              (no amulet)
HPRegen 0.21/turn               C - ring of magical power
MPRegen 0.17/turn               h - ring of see invisible

@: lethally poisoned (-1 -> -9)
A: fangs 1, strong nose, distributed training, strong 1, wild magic 1
a: no special abilities


You were on level 6 of the Dungeon.
You visited 1 branch of the dungeon, and saw 6 of its levels.
You also visited: Sewer.

You collected 252 gold pieces.


Innate Abilities, Weirdness & Mutations

You have very sharp teeth.
Your uncanny sense of smell can sniff out nearby items.
Your experience applies equally to all skills.
Your muscles are strong. (Str +2)
Your spells are a little harder to cast, but a little more powerful.


   Skills:
 + Level 7.3 Fighting
 + Level 3.2 Short Blades
 + Level 3.2 Long Blades
 + Level 3.2 Axes
 + Level 3.2 Maces & Flails
 + Level 3.2 Polearms
 + Level 3.2 Staves
 + Level 3.2 Slings
 + Level 3.2 Bows
 + Level 3.2 Crossbows
 + Level 3.2 Throwing
 + Level 3.2 Armour
 + Level 7.3 Dodging
 + Level 5.3 Stealth
 + Level 3.2 Shields
 + Level 7.3 Unarmed Combat
 + Level 3.2 Spellcasting
 + Level 2.6 Conjurations
 + Level 2.6 Hexes
 + Level 2.6 Summonings
 + Level 2.6 Necromancy
 + Level 2.6 Translocations
 + Level 2.6 Transmutations
 + Level 2.6 Fire Magic
 + Level 2.6 Ice Magic
 + Level 2.6 Air Magic
 + Level 2.6 Earth Magic
 + Level 2.6 Poison Magic
 + Level 3.5 Invocations
 + Level 3.2 Evocations


You had 13 spell levels left.
You didn't know any spells.
Your spell library contained the following spells:

 Spells                   Type           Power      Damage    Failure   Level
 Freeze                   Ice            52%        1d7       11%         1
 Corpse Rot               Necr/Air       26%        N/A       16%         2
 Frozen Ramparts          Ice            26%        1d4       28%         3
 Dispel Undead            Necr           13%        3d9       65%         4
 Hailstorm                Conj/Ice       13%        3d5       65%         4
 Death Channel            Necr           6%         N/A       100%        6

Inventory:

Hand Weapons
 i - a +0 halberd
 q - a +0 dagger of venom (weapon)
Missiles
 k - 13 poisoned darts (quivered)
 y - 3 curare-tipped darts {=f}
Armour
 a - a +0 robe (worn)
 z - a +1 helmet of intelligence (worn)
Jewellery
 h - a ring of see invisible (right hand)
 C - a ring of magical power (left hand)
Wands
 p - a wand of iceblast (1)
Scrolls
 c - a scroll of noise {unknown}
 d - 4 scrolls of identify {unknown}
 f - 4 scrolls of teleportation {unknown}
 g - 4 scrolls of fear {unknown}
 j - 2 scrolls of enchant armour {unknown}
 o - 3 scrolls of blinking {unknown}
 s - 2 scrolls of enchant weapon {unknown}
 t - a scroll of immolation {unknown}
 v - a scroll of fog {unknown}
 w - 2 scrolls of silence {unknown}
 x - a scroll of magic mapping {unknown}
 A - 5 scrolls of vulnerability {unknown}
 B - a scroll of summoning {unknown}
 D - a scroll of holy word {unknown}
Potions
 b - a potion of might {unknown}
 e - a potion of mutation {!q}
 l - 2 potions of heal wounds {@q2}
 m - 2 potions of haste {@q3}
 n - a potion of magic {unknown}
 r - a potion of degeneration {unknown}
 u - a potion of berserk rage {unknown}

Dungeon Overview and Level Annotations

Branches:
Dungeon (6/15)              Sewer (visited)
 Temple: D:4-7

Altars:
Dithmenos
Fedhas
Makhleb

▒..≈.≈≈ ▒.o.o.. ▒ ▒..≈≈≈≈
▒.. ........ ▒.▒ ▒▒▒▒▒▒
▒▒▒▒.▒▒o.. ▒.▒ ▒....▒
..▒....... ▒.▒ ▒▒.▒.▒
▒.▒..▒▒... ▒.▒
▒.▒.▒.▒.▒.▒.▒.. +... ▒.▒
▒.▒g▒.▒...▒.▒.▒▒▒g.. ▒.▒
▒.▒y▒.▒...▒.........
▒▒.▒▒▒▒.▒y▒.....▒..ggo...?
▒..<..▒.▒y▒.▒...▒og....▒▒▒
▒........y▒.....▒.▒.▒.....
▒.▒.▒.▒.▒▒▒.....▒o▒.▒▒▒▒▒▒
▒.▒.▒.▒y▒......<.g▒......g
▒.▒.....▒.▒▒▒▒▒▒▒▒▒...▒▒▒▒
▒.▒.....▒.........'...▒


You could see 4 killer bees.


Message History

Unknown command.
Unknown command.
You barely miss the killer bee.
The killer bee is lightly wounded.
* * * LOW HITPOINT WARNING * * *
You feel very sick. The killer bee closely misses you.
Unknown command.
You barely miss the killer bee. You bite the killer bee.
The killer bee is moderately wounded.
* * * LOW HITPOINT WARNING * * *
You feel sick.
The killer bee stings you but does no damage.
The killer bee misses you.
Unknown command.
You closely miss the killer bee.
The killer bee is moderately wounded.
* * * LOW HITPOINT WARNING * * *
You feel sick. The killer bee stings you!
* * * LOW HITPOINT WARNING * * *
The killer bee misses you.
Unknown command.
You hit the killer bee but do no damage.
The killer bee is poisoned.
You punch the killer bee. Your bite misses the killer bee.
The killer bee is severely wounded.
You die...

Action                   |  1- 3 |  4- 6 |  7- 9 || total
-------------------------+-------+-------+-------++-------
Melee: Unarmed           |    95 |   236 |   258 ||   589
       Punch             |     4 |    10 |     6 ||    20
       Bite              |     7 |    17 |    32 ||    56
       Dagger            |       |       |    11 ||    11
Throw: Dart              |       |     1 |    15 ||    16
Evoke: Wand              |       |     5 |     2 ||     7
  Use: Potion            |       |       |     7 ||     7
 Stab: Sleeping          |    10 |    12 |     5 ||    27
       Distracted        |     1 |     1 |       ||     2
Armor: Robe              |    12 |    24 |    44 ||    80
Dodge: Dodged            |    63 |   151 |   227 ||   441

Levels and vault maps discovered:
D:1:      minmay_arrival_glassed_features, layout_loops_ring,
          lemuel_old_faithful
D:2:      layout_loops_cross, guppyfry_early_orc_mine
D:3:      layout_basic, grunt_decor_one_mirror
D:4:      cheibrodos_thug_alley, layout_basic,
          gammafunk_temple_overflow_elements, hangedman_decor_growths
D:5:      layout_loops_ring, gup_sewer_entry_pipe, minmay_ogre_servants
D:6:      layout_basic, nicolae_overflow_squiral,
          mainiacjoe_overflow_cross_hatched, ebering_ghost_disaster_area

Notes
Turn   | Place    | Note
-------+----------+-------------------------------------------
     0 | D:1      | sanka the Gnoll Monk began the quest for the Orb.
     0 | D:1      | Reached XP level 1. HP: 23/23 MP: 1/1
   106 | D:1      | Reached XP level 2. HP: 28/29 MP: 2/2
   596 | D:1      | Reached XP level 3. HP: 35/35 MP: 3/3
   881 | D:2      | Reached skill level 1 in Invocations
  1136 | D:2      | Reached skill level 1 in Short Blades
  1136 | D:2      | Reached skill level 1 in Long Blades
  1136 | D:2      | Reached skill level 1 in Axes
  1136 | D:2      | Reached skill level 1 in Maces & Flails
  1136 | D:2      | Reached skill level 1 in Polearms
  1136 | D:2      | Reached skill level 1 in Staves
  1136 | D:2      | Reached skill level 1 in Slings
  1136 | D:2      | Reached skill level 1 in Bows
  1136 | D:2      | Reached skill level 1 in Crossbows
  1136 | D:2      | Reached skill level 1 in Throwing
  1136 | D:2      | Reached skill level 1 in Armour
  1136 | D:2      | Reached skill level 1 in Shields
  1136 | D:2      | Reached skill level 1 in Spellcasting
  1136 | D:2      | Reached skill level 1 in Evocations
  1136 | D:2      | Reached XP level 4. HP: 32/41 MP: 5/5
  1472 | D:2      | Reached skill level 1 in Conjurations
  1472 | D:2      | Reached skill level 1 in Hexes
  1472 | D:2      | Reached skill level 1 in Summonings
  1472 | D:2      | Reached skill level 1 in Necromancy
  1472 | D:2      | Reached skill level 1 in Translocations
  1472 | D:2      | Reached skill level 1 in Transmutations
  1472 | D:2      | Reached skill level 1 in Fire Magic
  1472 | D:2      | Reached skill level 1 in Ice Magic
  1472 | D:2      | Reached skill level 1 in Air Magic
  1472 | D:2      | Reached skill level 1 in Earth Magic
  1472 | D:2      | Reached skill level 1 in Poison Magic
  2008 | D:3      | Reached XP level 5. HP: 45/47 MP: 6/6
  2842 | D:4      | HP: 1/47 [acid (9)]
  3647 | D:4      | Identified the +1 chain mail of Yjefew {rCorr}
  3647 | D:4      | Noticed a kobold brigand
  3665 | D:4      | HP: 1/47 [kobold brigand/+0 club (9)]
  3667 | D:4      | Killed a kobold brigand
  3668 | D:4      | Reached skill level 2 in Invocations
  3668 | D:4      | Reached XP level 6. HP: 1/53 MP: 8/8
  4729 | D:4      | Noticed an ice beast
  4736 | D:4      | Reached skill level 2 in Short Blades
  4736 | D:4      | Reached skill level 2 in Long Blades
  4736 | D:4      | Reached skill level 2 in Axes
  4736 | D:4      | Reached skill level 2 in Maces & Flails
  4736 | D:4      | Reached skill level 2 in Polearms
  4736 | D:4      | Reached skill level 2 in Staves
  4736 | D:4      | Reached skill level 2 in Slings
  4736 | D:4      | Reached skill level 2 in Bows
  4736 | D:4      | Reached skill level 2 in Crossbows
  4736 | D:4      | Reached skill level 2 in Throwing
  4736 | D:4      | Reached skill level 2 in Armour
  4736 | D:4      | Reached skill level 2 in Shields
  4736 | D:4      | Reached skill level 2 in Spellcasting
  4736 | D:4      | Reached skill level 2 in Evocations
  4750 | D:4      | Killed an ice beast
  5143 | D:4      | Found a shadowy altar of Dithmenos.
  5143 | D:4      | Found a burning altar of Makhleb.
  5246 | D:5      | Entered Level 5 of the Dungeon
  5252 | D:5      | Reached XP level 7. HP: 49/59 MP: 10/10
  5322 | D:5      | Reached skill level 7 in Fighting
  5322 | D:5      | Reached skill level 7 in Dodging
  5322 | D:5      | Reached skill level 7 in Unarmed Combat
  5467 | D:5      | Reached skill level 2 in Conjurations
  5467 | D:5      | Reached skill level 2 in Hexes
  5467 | D:5      | Reached skill level 2 in Summonings
  5467 | D:5      | Reached skill level 2 in Necromancy
  5467 | D:5      | Reached skill level 2 in Translocations
  5467 | D:5      | Reached skill level 2 in Transmutations
  5467 | D:5      | Reached skill level 2 in Fire Magic
  5467 | D:5      | Reached skill level 2 in Ice Magic
  5467 | D:5      | Reached skill level 2 in Air Magic
  5467 | D:5      | Reached skill level 2 in Earth Magic
  5467 | D:5      | Reached skill level 2 in Poison Magic
  5490 | D:5      | Reached skill level 5 in Stealth
  5536 | D:5      | Found a glowing drain.
  5584 | Sewer    | Entered a sewer
  5732 | Sewer    | Reached skill level 3 in Invocations
  6154 | Sewer    | Reached XP level 8. HP: 28/67 MP: 12/12
  6910 | Sewer    | Gained mutation: Your spells are a little harder to cast,
                  | but a little more powerful. [potion of mutation]
  6910 | Sewer    | Gained mutation: Your muscles are strong. (Str +2) [potion
                  | of mutation]
  7212 | D:5      | Reached skill level 3 in Short Blades
  7212 | D:5      | Reached skill level 3 in Long Blades
  7212 | D:5      | Reached skill level 3 in Axes
  7212 | D:5      | Reached skill level 3 in Maces & Flails
  7212 | D:5      | Reached skill level 3 in Polearms
  7212 | D:5      | Reached skill level 3 in Staves
  7212 | D:5      | Reached skill level 3 in Slings
  7212 | D:5      | Reached skill level 3 in Bows
  7212 | D:5      | Reached skill level 3 in Crossbows
  7212 | D:5      | Reached skill level 3 in Throwing
  7212 | D:5      | Reached skill level 3 in Armour
  7212 | D:5      | Reached skill level 3 in Shields
  7212 | D:5      | Reached skill level 3 in Spellcasting
  7212 | D:5      | Reached skill level 3 in Evocations
  7492 | D:5      | HP: 3/67 [gnoll/+0 spear (7)]
  7502 | D:6      | HP: 4/67 [gnoll/+0 whip (1)]
  7534 | D:6      | Found a blossoming altar of Fedhas.
  7543 | D:6      | HP: 2/67 [gnoll/+0 flail (7)]
  7555 | D:5      | HP: 5/67 [orc/+0 flail (8)]
  8294 | D:6      | HP: 1/67 [killer bee (7)]
  8295 | D:6      | Succumbed to a killer bee's poison

Vanquished Creatures
  An ogre (D:5)
  An ice beast (D:4)
  2 kobold brigands
  A gnoll sergeant (D:5)
  A necrophage (D:5)
  A scorpion (D:5)
  A killer bee (D:6)
  2 hounds (D:4)
  A gnoll shaman (D:5)
  3 jellies
  7 gnolls
  9 adders
  7 river rats (Sewer)
  A shadow imp (D:5)
  An ufetubus (D:5)
  A worm (D:2)
  2 dart slugs
  11 orcs
  14 ball pythons
  9 endoplasms
  8 giant cockroaches
  17 goblins
  10 hobgoblins
  8 jackals
  25 kobolds
  7 quokkas
  8 bats
  3 frilled lizards
  18 rats
180 creatures vanquished.
